 Dungeon Crawl Stone Soup version 0.31-a0-43-g46d131a48f (webtiles) character file.

Game seed: 1621454205954580994

14 lunkers the Poker (level 2, -1/23 HPs)
             Began as a Meteoran Wanderer on May 18, 2023.
             Was an Initiate of Ashenzari.
             Slain by an orc
             ... wielding a +0 club
              (3 damage)
             ... on level 2 of the Dungeon.
             The game lasted 00:00:59 (431 turns).

lunkers the Poker (Meteoran Wanderer)                Turns: 431, Time: 00:01:00

Health: -1/23      AC:  2    Str: 12    XL:     2   Next: 76%
Magic:  0/5        EV: 12    Int: 13    God:    Ashenzari [......]
Gold:   26         SH:  0    Dex: 14    Spells: 2/3 levels left

rFire   . . .        a - +3 spear
rCold   . . .        (no shield)
rNeg    . . .        c - +0 robe
rPois   .            (no helmet)
rElec   .            (no cloak)
rCorr   .            (no gloves)
SInv    .            (no boots)
Will    .....        (no amulet)
Stlth   +            (no ring)
HPRegen 0.23/turn    (no ring)
MPRegen 0.09/turn

%: no passive effects
@: very slightly contaminated, glowing
A: sense surroundings 1, otherworldly, glowing, explore regen
a: Renounce Religion


You were on level 2 of the Dungeon.
You worshipped Ashenzari.
Ashenzari was noncommittal.
You visited 1 branch of the dungeon, and saw 2 of its levels.

You collected 26 gold pieces.

Inventory:

Hand Weapons
 a - a +3 spear (weapon)
Armour
 c - a +0 robe (worn)
Scrolls
 b - a scroll of teleportation
 d - 2 scrolls of identify {unknown}
 g - a scroll of fog {unknown}
Potions
 e - a potion of ambrosia {unknown}
 f - a potion of curing {unknown}


   Skills:
 - Level 1.1 Fighting
 + Level 4.5 Polearms
 - Level 1.2 Armour
 - Level 1.2 Dodging
 - Level 1.3 Spellcasting
 - Level 2.4 Fire Magic
 - Level 1.2 Invocations


You had 2 spell levels left.
You knew the following spells:

 Your Spells              Type           Power      Damage    Failure   Level
p - Foxfire               Conj/Fire      16%        2x1d4     17%         1

Your spell library contained the following spells:

 Spells                   Type           Power      Damage    Failure   Level
 Ignite Poison            Fire/Tmut/Pois 2%         N/A       52%         3


Dungeon Overview and Level Annotations

Branches:
Dungeon (2/15) Zot: 771

Altars:
Ashenzari


Innate Abilities, Weirdness & Mutations

You passively map a small area around you.
You are easily found by Zot.
You glow in the dark.
You regain HP and MP as you explore.


Message History

Press: ? - help, Q - select action Dir - look around, f - activate You conjure some foxfire!
The foxfire hits the orc but does no damage.
The orc is lightly wounded.
The orc misses you. The orc closely misses you.
Casting: Foxfire (safe; 17% risk of failure)
Press: ? - help, Q - select action Dir - look around, f - activate You miscast Foxfire.
You are very lightly contaminated with residual magic.
Nothing appears to happen.
The foxfire hits the orc but does no damage.
The orc is lightly wounded.
The foxfire hits the orc but does no damage.
The orc is lightly wounded.
The foxfire hits the orc.
The orc is heavily wounded.
The orc hits you with a +0 falchion.
* * * LOW HITPOINT WARNING * * *
The orc hits you with a +0 falchion.
* * * LOW HITPOINT WARNING * * *
Casting: Foxfire (safe; 17% risk of failure)
Press: ? - help, Q - select action Dir - look around, f - activate You miscast Foxfire.
Nothing appears to happen.
The orc closely misses you. The orc hits you but does no damage.
Unknown command.
Unknown command.
Casting: Foxfire (safe; 17% risk of failure)
Press: ? - help, Q - select action Dir - look around, f - activate You conjure some foxfire!
* * * LOW MAGIC WARNING * * *
The orc hits you with a +0 club.
* * * LOW HITPOINT WARNING * * *
The foxfire hits the orc.
The orc is heavily wounded.
The orc misses you.
The orc throws a boomerang.
The boomerang hits you.
* * * LOW HITPOINT WARNING * * *
The foxfire hits the orc.
The orc is severely wounded.
The orc attacks as you move away! The orc hits you with a +0 club.
You die...

#############
#o...oo.....#
..#########.# ,
* #o# *
###o#######
#.........#
#.#ooo....# *
###.#.@.....#
,#........_..##
* #.##.##.....#
, ,, #.##.....#
, #........# #,
#.##.##### , ,
#.##.##.# ,
#.......# * * *
####.####


You could see 5 orcs.

Vanquished Creatures
  A ball python (D:1)
  2 giant cockroaches (D:1)
  2 goblins (D:1)
  A hobgoblin (D:1)
  3 quokkas
  A bat (D:1)
  A kobold (D:1)
11 creatures vanquished.

Vanquished Creatures (others)
  30 foxfires
30 creatures vanquished.

Grand Total: 41 creatures vanquished

Notes
Turn   | Place    | Note
-------+----------+-------------------------------------------
     0 | D:1      | lunkers the Meteoran Wanderer began the quest for the Orb.
     0 | D:1      | lunkers set off with the following items: a +3 spear, a
                  | scroll of teleportation, a +0 robe; and the following spell
                  | memorised: Foxfire; and the following spells available to
                  | memorise: Ignite Poison.
     0 | D:1      | Reached XP level 1. HP: 16/16 MP: 3/3
    54 | D:1      | Reached skill level 4 in Polearms
    54 | D:1      | Reached XP level 2. HP: 23/23 MP: 0/5
   381 | D:2      | Found a broken altar of Ashenzari.
   394 | D:2      | Became a worshipper of Ashenzari the Shackled
   431 | D:2      | Slain by an orc

Illustrated notes

Levels and vault maps discovered:
D:1:      eino_arrival_druids_welcome, layout_basic, minmay_indecisive_spiral
D:2:      layout_loops_cross, basic_altar

Skill      XL: |  1 |
---------------+----+-----
Polearms       | 4 |  4.5
Fighting       | |  1.1
Armour         | |  1.2
Dodging        | |  1.2
Spellcasting   | |  1.3
Fire Magic     | |  2.4
Invocations    | |  1.2

Action                     || total
---------------------------++-------
  Melee: Spear             ||    18
   Cast: Foxfire           ||    18
 Armour: Robe              ||     2
  Dodge: Dodged            ||     9

Table legend: (Time is in decaauts)
 A = Elapsed time spent in this place.
 B = Non-inter-level travel time spent in this place.
 C = Inter-level travel time spent in this place.
 D = Time resting spent in this place.
 E = Time spent auto-exploring this place.
 F = Levels seen in this place.
 G = Mean time per level.
                   A        B        C        D        E       F      G
               +--------+--------+--------+--------+--------+-----+--------+
         Total |    428 |    397 |     31 |      0 |    319 |   2 |  214.0 |
       Dungeon |    428 |    397 |     31 |      0 |    319 |   2 |  214.0 |
               +--------+--------+--------+--------+--------+-----+--------+

Top non-repeatable levels by time:
     D:1: 373 daAuts
     D:2: 54 daAuts
